 Dungeon Crawl Stone Soup version 0.31.0-11-ge490571c62 (webtiles) character file.

Game seed: 16425984720967520772

80 qw the Shooter (level 4, -11/25 HPs)
             Began as a Deep Elf Hunter on Feb 4, 2024.
             Mangled by an iguana (14 damage)
             ... on level 4 of the Dungeon.
             The game lasted 00:00:04 (1339 turns).

qw the Shooter (Deep Elf Hunter)                    Turns: 1339, Time: 00:00:05

Health: -11/25     AC:  3    Str: 10    XL:     4   Next: 18%
Magic:  6/6        EV: 13    Int: 14    God:
Gold:   78         SH:  0    Dex: 24    Spells: 3/3 levels left

rFire   . . .        a - +0 shortbow
rCold   . . .        (shield currently unavailable)
rNeg    . . .        c - +0 leather armour
rPois   .            (no helmet)
rElec   .            (no cloak)
rCorr   .            (no gloves)
SInv    .            (no boots)
Will    .....        (no amulet)
Stlth   ++           j - +6 ring of dexterity
HPRegen 0.24/turn    (no ring)
MPRegen 0.10/turn

%: no passive effects
@: no status effects
A: no striking features
a: no special abilities


You were on level 4 of the Dungeon.
You visited 1 branch of the dungeon, and saw 3 of its levels.

You collected 78 gold pieces.


   Skills:
 - Level 1.5 Fighting
 + Level 7.2 Ranged Weapons
 - Level 3.1 Dodging
 - Level 1.2 Stealth


You had 3 spell levels left.
You didn't know any spells.
Your spell library was empty.

Inventory:

Hand Weapons
 a - a +0 shortbow (weapon)
Armour
 c - a +0 leather armour (worn)
 o - a +0 pair of gloves of dexterity
Jewellery
 b - a ring of protection from cold
 j - a +6 ring of dexterity (left hand)
Scrolls
 l - a scroll of fog {unknown}
 m - a scroll of teleportation {unknown}
 p - a scroll of identify {unknown}
Potions
 d - a potion of mutation {unknown}
 e - a potion of resistance
 f - a potion of lignification {unknown}
 g - a potion of curing
 h - a potion of might {unknown}
 i - a potion of invisibility {unknown}
 k - a potion of ambrosia {unknown}
 n - 2 potions of haste {unknown}

Dungeon Overview and Level Annotations

Branches:
Dungeon (2/15)

Altars:

Shops:
D:1 (


Message History

Found a stone staircase leading up.
Enter note:
Enter note:
There is a stone staircase leading up here.
A malevolent force fills the Dungeon...
You fall into a shaft and drop 2 floors!
The shaft crumbles and collapses.
An iguana comes into view.
Waypoint 2 assigned to D:4.
You shoot an arrow. The arrow hits the iguana.
The iguana hisses angrily.
The iguana is lightly wounded.
You shoot an arrow.
The arrow hits the iguana but does no damage.
The iguana is lightly wounded.
You shoot an arrow. The arrow completely misses the iguana.
You shoot an arrow.
The arrow hits the iguana but does no damage.
The iguana is lightly wounded.
You shoot an arrow.
The arrow hits the iguana but does no damage.
The iguana is lightly wounded.
The iguana bites you but does no damage.
You shoot an arrow. The arrow closely misses the iguana.
The iguana bites you!
You shoot an arrow. The arrow hits the iguana.
The iguana is moderately wounded.
The iguana misses you.
You shoot an arrow. The arrow closely misses the iguana.
The iguana barely misses you.
You shoot an arrow. The arrow hits the iguana.
The iguana is moderately wounded.
The iguana bites you!
Ouch! That really hurt!
You shoot an arrow. The arrow closely misses the iguana.
The iguana closely misses you.
You shoot an arrow. The arrow hits the iguana.
The iguana is moderately wounded.
The iguana bites you!
Ouch! That really hurt!
You die...

## ## ... .#+#
...######...
...........
.........
...... .
#.l#####....
#.#.@.........
#.....##......
###.#.# #....
#.#.. ..#
#.#... .
#.#....
........
#.#....#.
######.#


You could see an iguana.

Vanquished Creatures
  4 gnolls (D:2)
  An adder (D:2)
  A dart slug (D:2)
  3 bats
  An endoplasm (D:1)
  2 giant cockroaches (D:1)
  9 goblins
  2 hobgoblins
  A kobold (D:1)
  A quokka (D:1)
  2 ball pythons (D:1)
  2 frilled lizards (D:1)
  3 rats
32 creatures vanquished.

Notes
Turn   | Place    | Note
-------+----------+-------------------------------------------
     0 | D:1      | qw the Deep Elf Hunter began the quest for the Orb.
     0 | D:1      | Reached XP level 1. HP: 12/12 MP: 3/3
     0 | D:1      | 0 ||| qw: Version: 0.3-a-160-g6735b56
     0 | D:1      | 0 ||| qw: Game counter: 5395
     0 | D:1      | 0 ||| qw: Melee chars always use a shield: true
     0 | D:1      | 0 ||| qw: God list: Okawaru
     0 | D:1      | 0 ||| qw: Allow faded altars: false
     0 | D:1      | 0 ||| qw: Do Orc after clearing Dungeon:15 true
     0 | D:1      | 0 ||| qw: Do second Lair branch before Depths: true
     0 | D:1      | 0 ||| qw: Lair rune preference: random
     0 | D:1      | 0 ||| qw: Goals: Normal
     0 | D:1      | 0 ||| PLANNING D:1-11
   218 | D:1      | Found Witwiu's Weapon Shoppe.
   220 | D:1      | Reached skill level 6 in Ranged Weapons
   220 | D:1      | Reached XP level 2. HP: 16/16 MP: 4/4
   742 | D:1      | Found a faded altar of an unknown god.
   764 | D:1      | 764 ||| UPGRADING to +6 ring of dexterity.
   765 | D:1      | 765 ||| READING scroll labelled ETASCH WAONE.
   866 | D:1      | 866 ||| DRINKING 2 viscous dark potions.
   867 | D:1      | 867 ||| DRINKING 2 fuming emerald potions.
   868 | D:1      | 868 ||| DROPPING scroll of butterflies.
   936 | D:2      | Reached XP level 3. HP: 20/20 MP: 5/5
  1223 | D:2      | 1223 ||| RETREEEEATING.
  1225 | D:2      | Reached skill level 7 in Ranged Weapons
  1227 | D:2      | 1227 ||| RETREEEEATING.
  1229 | D:2      | 1229 ||| RETREEEEATING.
  1236 | D:2      | Reached skill level 3 in Dodging
  1236 | D:2      | Reached XP level 4. HP: 24/25 MP: 6/6
  1325 | D:2      | You fall into a shaft and drop 2 floors!
  1337 | D:4      | HP: 3/25 [iguana (14)]
  1339 | D:4      | Mangled by an iguana

Levels and vault maps discovered:
D:1:      matt_arrival_refuge, layout_basic, serial_shops,
          nicolae_shop_tiny_waterfront, chequers_ecumenical_altar_twisty
D:2:      layout_loops_ring
D:4:      cheibrodos_quashed, layout_basic, mainiacjoe_overflow_24_doors,
          gammafunk_ghost_gnarly_gnolls, uniq_edmund

Skill      XL: |  1  2  3 |
---------------+----------+-----
Ranged Weapons | 6 7 |  7.2
Dodging        | 3 |  3.1
Fighting       | |  1.5
Stealth        | |  1.2

Action                     |  1- 3 |  4- 6 || total
---------------------------+-------+-------++-------
   Fire: Shortbow          |    70 |    18 ||    88
    Use: Potion            |     2 |       ||     2
         Scroll            |     1 |       ||     1
 Armour: Leather armour    |    10 |     6 ||    16
  Dodge: Dodged            |    13 |     6 ||    19

Table legend:
 A = Non-vault XP
 B = Vault XP
 C = Vault XP percentage of total XP
 D = Non-vault monster count
 E = Vault monster count
 F = Vault count percentage of total count
                 A         B        C        D         E       F
            +---------+---------+-------+---------+---------+-------
      Total |     115 |       0 |   0.0 |      32 |       0 |   0.0
            +---------+---------+-------+---------+---------+-------
        D:1 |      31 |       0 |   0.0 |      19 |       0 |   0.0
        D:2 |      84 |       0 |   0.0 |      13 |       0 |   0.0
            +---------+---------+-------+---------+---------+-------
